 Dungeon Sprint DCSS version 0.32-a0-940-g8c197d95f1 (webtiles) character file.

Game seed: 1769386285535701048

15625 Conn the Destroyer (level 12, -1/120 HPs)
             Began as an Octopode Fire Elementalist on Apr 16, 2024.
             Was a High Priest of Sif Muna.
             Slain by a bone dragon (4 damage)
             ... in the Dungeon (Sprint II: "The Violet Keep of Menkaure").
             The game lasted 00:42:54 (2760 turns).

Conn the Destroyer (Octopode Fire Elementalist)     Turns: 2760, Time: 00:42:54

Health: -1/120     AC: 34    Str:  7    XL:     12   Next: 29%
Magic:  4/37       EV:  2    Int: 30    God:    Sif Muna [*****.]
Gold:   418        SH: 12    Dex: 14    Spells: 1/36 levels left

rFire   + . .        f - staff of the Shifting Vulture {^Contam Int+3 Conj}
rCold   + . .        i - +1 buckler {rC+}
rNeg    . . .        k - melded +3 hat "Gatidd" {rN+}
rPois   +            l - amulet of reflection
rElec   +            g - ring of protection from fire
rCorr   .            r - ring "Orchul" {rElec rPois AC+4 Stlth+}
SInv    .            s - ring of magical power
Will    .....        u - +4 ring of protection
Stlth   ++++++       v - +6 ring of intelligence
HPRegen 0.40/turn    (no ring)
MPRegen 0.25/turn    (no ring)
                     (no ring)

%: no teleportation, reflection
@: tree-form, very slightly contaminated
A: stationary, stasis, torment immunity, boosted hp, almost no armour,
(amphibious), 8 rings, (camouflage 1), (gelatinous body 1), (nimble swimmer 1),
(tentacles)
a: Renounce Religion, Channel Magic, Forget Spell, Divine Exegesis


You were in the Dungeon.
You worshipped Sif Muna.
Sif Muna was extremely pleased with you.
You were a tree.
You visited 1 branch You collected 4061 gold pieces.
You spent 3643 gold pieces at shops.

Inventory:

Hand Weapons
 t - a +0 dagger
Armour
 i - a +1 buckler of cold resistance (worn)
 k - the +3 hat "Gatidd" (melded) {rN+}
   (You acquired it in the Dungeon)

   rN+:       It protects you from negative energy.
Magical Staves
 f - the staff of the Shifting Vulture (weapon) {^Contam Int+3 Conj}
   (You bought it in a shop in the Dungeon)

   [staff of conjuration]

   Base accuracy: +5 Base damage: 5 Base attack delay: 1.2 This weapon's minimum
   attack delay (0.6) is reached at skill level 12.
   Int+3:     It affects your intelligence (+3).
   ^Contam:   It causes magical contamination when unequipped.
   Conj:      It increases the power of your Conjurations spells.
   It falls into the 'Staves' category.
   It is a one-tentacled weapon.
Jewellery
 g - a ring of protection from fire (left branch)
 l - an amulet of reflection (around neck)
 r - the ring "Orchul" (right branch) {rElec rPois AC+4 Stlth+}
   (You bought it in a shop in the Dungeon)

   [ring of protection]

   AC+4:      It affects your AC (+4).
   rElec:     It insulates you from electricity.
   rPois:     It protects you from poison.
   Stlth+:    It makes you more stealthy.
 s - a ring of magical power (on tentacle)
 u - a +4 ring of protection (on tentacle)
 v - a +6 ring of intelligence (on tentacle)
Scrolls
 n - a scroll of fog
 p - a scroll of vulnerability
Potions
 a - 4 potions of magic
 b - 6 potions of enlightenment
 d - 2 potions of lignification
 e - a potion of berserk rage
 h - 2 potions of resistance
 j - a potion of mutation
 m - a potion of attraction
 o - a potion of brilliance
 q - a potion of cancellation {unknown}


   Skills:
 + Level 6.5 Fighting
 + Level 10.4 Dodging
 - Level 11.1 Stealth
 * Level 8.9 Shields
 * Level 12.9 Spellcasting
 * Level 13.7 Conjurations
 - Level 5.0 Hexes
 - Level 6.0 Summonings
 * Level 2.5 Translocations
 + Level 10.5 Fire Magic
 + Level 4.2 Air Magic
 + Level 1.8 Alchemy
 + Level 9.9 Invocations


You had one spell level left.
You knew the following spells:

 Your Spells              Type           Power      Damage    Failure   Level
a - Foxfire               Conj/Fire      100%       2x1d9     1%          1
b - Scorch                Fire           100%       2d9       1%          2
c - Inner Flame           Hex/Fire       60%        N/A       1%          3
d - Flame Wave            Conj/Fire      95%        2d20      1%          4
e - Summon Blazeheart Go  Fire/Summ      62%        N/A       1%          4
f - Fireball              Conj/Fire      47%        3d19      1%          5
g - Mephitic Cloud        Conj/Alch/Air  73%        N/A       1%          3
h - Starburst             Conj/Fire      47%        6d13      3%          6
i - Irradiate             Conj/Alch      39%        3d24      4%          5
j - Blink                 Tloc           68%        N/A       1%          2

Your spell library contained the following spells:

 Spells                   Type           Power      Damage    Failure   Level
 Magic Dart               Conj           100%       1d8       0%          1
 Shock                    Conj/Air       100%       1d9       1%          1
 Summon Small Mammal      Summ           100%       N/A       1%          1
 Call Imp                 Summ           100%       N/A       1%          2
 Searing Ray              Conj           100%       2d8       1%          2
 Static Discharge         Conj/Air       100%       3-8/arc   1%          2
 Call Canine Familiar     Summ           54%        N/A       1%          3
 Swiftness                Air            45%        N/A       1%          3
 Volatile Blastmotes      Fire/Tloc      100%       2d18      1%          3
 Summon Lightning Spire   Summ/Air       50%        N/A       4%          4
 Airstrike                Air            22%        2d(4-20)  6%          4
 Freezing Cloud           Conj/Ice/Air   35%        6-21      9%          5
 Summon Mana Viper        Hex/Summ       51%        N/A       11%         5
 Fire Storm               Conj/Fire      47%        8d12      100%        9


Dungeon Overview and Level Annotations

Branches:
Dungeon (1/1)

Altars:
Cheibriados
Dithmenos
Elyvilon
Fedhas
Gozag
Hepliaklqana
Kikubaaqudgha
Makhleb
Nemelex Xobeh
Okawaru
Qazlal
Ru
Sif Muna
Trog
Uskayaw
Vehumet
Wu Jian
Xom
Yredelemnul
Zin
The Shining One
Beogh
Jiyva
Lugonu

Shops:
D =!!=:(([*==(=[=[=:[**!:*=?[

Annotations:
D exclusion: oklob plant


Innate Abilities, Weirdness & Mutations

You are a tree.
Your roots penetrate the ground, keeping you stationary.
You cannot be teleported.
You are immune to unholy pain and torment.
Your maximum health is greatly increased.
You cannot wear most types of armour.
((You are amphibious.))
You can wear up to eight rings at the same time.
((Your skin changes colour to match your surroundings (Stealth+).))
((Your rubbery body absorbs attacks. (AC +1, EV +1)))
((You are camouflaged when in or above water. (Stealth+)))
((You have tentacles for arms and can constrict up to eight enemies at once.))


Message History

Unknown command.
Unknown command.
Cast which spell? (? or * to list)
Casting: Starburst (dangerous; 4% risk of failure)
Press: ? - help, Dir - look around, f - activate You feel a surge of power!
The bolt of fire hits the storm dragon!!
You kill the storm dragon!
Sif Muna accepts your kill.
The storm dragon scales are intact enough to wear.
The bolt of fire hits the frost giant!!!
The frost giant is heavily wounded.
The frost giant casts a spell at you. The bolt of cold hits you! You resist.
* * * LOW HITPOINT WARNING * * *
Your Translocations skill increases to level 2!
You feel better. You block the bone dragon's attack.
The bone dragon claws you but does no damage.
The bone dragon tramples you!
* * * LOW HITPOINT WARNING * * *
Okay, then.
Unknown command.
Okay, then.
Unknown command.
Unknown command.
Casting: Starburst (dangerous; 3% risk of failure)
Confirm with . or Enter, or press ? or * to list all spells.
Okay, then.
Okay, then.
Casting: Starburst (dangerous; 3% risk of failure)
Confirm with . or Enter, or press ? or * to list all spells.
Casting: Starburst (dangerous; 3% risk of failure)
Press: ? - help, Dir - look around, f - activate You feel a surge of power!
The bolt of fire hits the bone dragon!
The bone dragon resists.
The bone dragon is lightly damaged.
The bolt of fire hits the frost giant!!
The frost giant is almost dead.
You block the bone dragon's attack. x2; The bone dragon tramples you.
You die...

######## ######
..).'..# +CD♣.#
[...#(.#### #~####
#####'##..####§####
∩∩∩∩#.÷'.##≈≈≈≈§§≈##
∩∩∩∩#D9###§§≈≈≈≈≈§≈##
▓▓+▓
######D.C≈§≈§§≈≈≈§≈≈#
+○..
#...####≈§§÷≈§§≈≈##
#○.°
..D....D~##≈§§≈§≈≈##
#.°°
########e~#e§'#+++##
#○[


You could see a bone dragon and a frost giant.

Vanquished Creatures
  A golden dragon (D)
  Kirke (D)
  A storm dragon (D)
  A cacodemon (D)
  A yaktaur captain (D)
  A centaur warrior (D)
  2 boulder beetles (D)
  A death yak (D)
  A death drake (D)
  A skeletal warrior (D)
  An elephant (D)
  A merfolk siren (D)
  2 unseen horrors (D)
  2 cane toads (D)
  A kobold demonologist (D)
  A yaktaur (D)
  5 polar bears (D)
  A hornet (D)
  2 wyverns (D)
  Menkaure (D)
  A swamp drake (D)
  3 black bears (D)
  3 crocodiles (D)
  A scorpion (D)
  9 electric eels (D)
  An iron imp (D)
  A shadow imp (D)
  3 ribbon worms (D)
50 creatures vanquished.

Vanquished Creatures (others)
  A crocodile (D)
  12 blazeheart cores (D)
  46 foxfires (D)
  12 tentacles (D)
71 creatures vanquished.

Grand Total: 121 creatures vanquished

Notes
Turn   | Place    | Note
-------+----------+-------------------------------------------
     0 | D        | Conn the Octopode Fire Elementalist began the quest for the
                  | Orb.
     0 | D        | Reached XP level 1. HP: 11/11 MP: 3/3
     1 | D        | Noticed a boulder beetle
     1 | D        | Noticed a boulder beetle
     4 | D        | Noticed a merfolk siren
    11 | D        | Noticed a wyvern
    11 | D        | Noticed a wyvern
    14 | D        | Killed a crocodile
   100 | D        | Reached XP level 2. HP: 17/17 MP: 1/5
   105 | D        | Learned a level 2 spell: Scorch
   113 | D        | Noticed an electric eel
   113 | D        | Noticed an electric eel
   113 | D        | Noticed an electric eel
   114 | D        | Noticed an electric eel
   114 | D        | Noticed an electric eel
   115 | D        | Noticed an electric eel
   115 | D        | Noticed an electric eel
   115 | D        | Noticed a crocodile
   121 | D        | Noticed an electric eel
   125 | D        | Noticed Menkaure
   129 | D        | Killed Menkaure
   130 | D        | Reached skill level 2 in Conjurations
   167 | D        | Found a glowing silver altar of Zin.
   167 | D        | Found a radiant altar of Vehumet.
   168 | D        | Found a glowing golden altar of the Shining One.
   168 | D        | Found a basalt altar of Yredelemnul.
   168 | D        | Found a hide-covered altar of Uskayaw.
   169 | D        | Found a shimmering altar of Xom.
   169 | D        | Found a bloodstained altar of Trog.
   170 | D        | Found an ornate altar of the Wu Jian Council.
   170 | D        | Found a shimmering blue altar of Sif Muna.
   170 | D        | Found a corrupted altar of Lugonu.
   170 | D        | Found a burning altar of Makhleb.
   171 | D        | Found a sacrificial altar of Ru.
   171 | D        | Found an ancient bone altar of Kikubaaqudgha.
   171 | D        | Found a white marble altar of Elyvilon.
   172 | D        | Found a stormy altar of Qazlal.
   172 | D        | Found a viscous altar of Jiyva.
   172 | D        | Found a shadowy altar of Dithmenos.
   173 | D        | Found a hazy altar of Hepliaklqana.
   173 | D        | Found a snail-covered altar of Cheibriados.
   175 | D        | Found a roughly hewn altar of Beogh.
   175 | D        | Found a sparkling altar of Nemelex Xobeh.
   175 | D        | Found a blossoming altar of Fedhas.
   176 | D        | Found an opulent altar of Gozag.
   176 | D        | Found an iron altar of Okawaru.
   178 | D        | Noticed a crocodile
   179 | D        | Became a worshipper of Sif Muna the Loreminder
   186 | D        | Noticed a crocodile
   190 | D        | Noticed a crocodile
   190 | D        | Noticed a kraken
   207 | D        | Noticed a lava snake
   211 | D        | Noticed a lava snake
   214 | D        | Noticed a lava snake
   214 | D        | Noticed a lava snake
   215 | D        | Found Aheoga's Armour Shop.
   216 | D        | Found Lakemom's Jewellery Boutique.
   216 | D        | Found Hamits's Magic Scroll Boutique.
   217 | D        | Found Yveyber's Book Shop.
   217 | D        | Found Buipudyu's General Store.
   218 | D        | Found Fielolyk's Antique Armour Boutique.
   218 | D        | Found Jyomeef's Distillery.
   219 | D        | Found Koecvaba's Armour Shop.
   220 | D        | Found Abbuint's Jewellery Shop.
   220 | D        | Found Zomiruung's Antique Weapon Boutique.
   223 | D        | Found Heygah's Assorted Antiques.
   223 | D        | Found Witt's Antique Armour Boutique.
   223 | D        | Noticed a shining eye
   223 | D        | Noticed a shining eye
   223 | D        | Noticed a shining eye
   223 | D        | Noticed an oklob plant
   228 | D        | Killed a crocodile
   229 | D        | Reached skill level 5 in Stealth
   229 | D        | Reached skill level 4 in Conjurations
   229 | D        | Reached XP level 3. HP: 7/21 MP: 0/9
   229 | D        | Reached XP level 4. HP: 10/27 MP: 0/10
   294 | D        | Found Biamuck's Jewellery Shop.
   294 | D        | Found Wumexih's Distillery.
   294 | D        | Found Egaitipo's Book Shoppe.
   297 | D        | Noticed a slime creature
   297 | D        | Noticed a slime creature
   304 | D        | Noticed a manticore
   307 | D        | Noticed a manticore
   309 | D        | Bought a shiny iron ring for 115 gold pieces
   312 | D        | Noticed a manticore
   312 | D        | Noticed a slime creature
   318 | D        | Bought a potion of lignification for 36 gold pieces
   328 | D        | Noticed a scorpion
   332 | D        | Killed a scorpion
   333 | D        | Reached skill level 5 in Spellcasting
   333 | D        | Reached skill level 5 in Conjurations
   333 | D        | Reached skill level 5 in Fire Magic
   333 | D        | Reached XP level 5. HP: 28/31 MP: 5/12
   407 | D        | Learned a level 3 spell: Inner Flame
   412 | D        | Learned a level 4 spell: Flame Wave
   425 | D        | Killed a merfolk siren
   425 | D        | Reached * piety under Sif Muna
   426 | D        | Reached skill level 5 in Dodging
   426 | D        | Reached skill level 7 in Conjurations
   426 | D        | Reached XP level 6. HP: 36/36 MP: 9/16
   426 | D        | Reached XP level 7. HP: 41/41 MP: 9/17
   480 | D        | Killed a wyvern
   482 | D        | Killed a wyvern
   483 | D        | Reached skill level 8 in Conjurations
   607 | D        | Noticed a polar bear
   607 | D        | Noticed a polar bear
   608 | D        | Noticed a yaktaur
   608 | D        | Noticed a hornet
   608 | D        | Noticed a polar bear
   613 | D        | Killed a hornet
   613 | D        | Reached ** piety under Sif Muna
   614 | D        | Reached XP level 8. HP: 46/46 MP: 10/20
   614 | D        | Killed a polar bear
   615 | D        | Reached skill level 5 in Invocations
   616 | D        | Killed a polar bear
   617 | D        | Reached skill level 9 in Conjurations
   617 | D        | Reached skill level 5 in Hexes
   620 | D        | Killed a polar bear
   621 | D        | Reached skill level 10 in Stealth
   621 | D        | Reached *** piety under Sif Muna
   621 | D        | Killed a yaktaur
   622 | D        | Reached skill level 10 in Conjurations
   622 | D        | Reached XP level 9. HP: 32/51 MP: 9/22
   623 | D        | Noticed a death drake
   630 | D        | Killed a death drake
   631 | D        | Reached skill level 10 in Spellcasting
  1052 | D        | Reached XP level 10. HP: 68/68 MP: 24/24
  1077 | D        | Reached **** piety under Sif Muna
  1142 | D        | Noticed a death drake
  1148 | D        | Noticed a thermic dynamo
  1172 | D        | Bought a +1 buckler of cold resistance for 231 gold pieces
  1178 | D        | Bought an amulet of reflection for 330 gold pieces
  1222 | D        | Bought a book of Callings for 264 gold pieces
  1227 | D        | Learned a level 4 spell: Summon Blazeheart Golem
  1231 | D        | Learned a level 3 spell: Call Canine Familiar
  1256 | D        | Killed a boulder beetle
  1257 | D        | Reached skill level 11 in Conjurations
  1289 | D        | Killed a boulder beetle
  1486 | D        | Bought a potion of heal wounds for 60 gold pieces
  1519 | D        | Noticed a centaur warrior
  1519 | D        | Noticed Kirke
  1519 | D        | Noticed a skeletal warrior
  1537 | D        | Killed a centaur warrior
  1538 | D        | Reached XP level 11. HP: 27/72 MP: 7/25
  1538 | D        | Killed Kirke
  1539 | D        | Reached skill level 5 in Shields
  1541 | D        | Killed a skeletal warrior
  1542 | D        | Reached skill level 12 in Conjurations
  1542 | D        | Reached skill level 5 in Summonings
  1675 | D        | Noticed a yaktaur captain
  1681 | D        | Reached ***** piety under Sif Muna
  1694 | D        | Killed a yaktaur captain
  1694 | D        | Received a gift from Sif Muna
  1695 | D        | Got Sif Muna's Omnibus of Traumaturgy {god gift}
  1705 | D        | Learned a level 3 spell: Mephitic Cloud
  1712 | D        | Learned a level 6 spell: Starburst
  1718 | D        | Learned a level 5 spell: Irradiate
  2004 | D        | Reached skill level 1 in Air Magic
  2253 | D        | Received a gift from Sif Muna
  2259 | D        | Got Kaecegeo's Vellum of Incineration and Attendants {god
                  | gift}
  2290 | D        | Learned a level 5 spell: Fireball
  2325 | D        | Noticed a death yak
  2336 | D        | Killed a death yak
  2341 | D        | Reached skill level 10 in Fire Magic
  2342 | D        | Reached skill level 13 in Conjurations
  2357 | D        | Received a gift from Sif Muna
  2358 | D        | Reached skill level 10 in Dodging
  2373 | D        | Found Qetteatu's Jewellery Emporium.
  2373 | D        | Found Ciulutte's Antique Weapon Shop.
  2373 | D        | Found Ximpaedomu's Distillery.
  2373 | D        | Found Igaufasoopp's Antique Weapon Shoppe.
  2373 | D        | Found Nihomn's Jewellery Boutique.
  2374 | D        | Found Jepluzil's Jewellery Shoppe.
  2374 | D        | Found Nodweeh's Armour Boutique.
  2374 | D        | Found Ycianig's Jewellery Emporium.
  2374 | D        | Found Teanwys's General Store.
  2374 | D        | Found Maell's Jewellery Emporium.
  2374 | D        | Found Qoexumoe's Book Shop.
  2374 | D        | Found Tasimam's Assorted Antiques.
  2393 | D        | Bought the staff of the Shifting Vulture {^Contam Int+3
                  | Conj} for 359 gold pieces
  2402 | D        | Bought 2 potions of lignification for 78 gold pieces
  2406 | D        | Bought a book of Minor Magic for 176 gold pieces
  2510 | D        | Noticed a golden dragon
  2525 | D        | Killed a golden dragon
  2526 | D        | Reached XP level 12. HP: 41/79 MP: 6/28
  2534 | D        | Identified 3 scrolls of acquirement
  2534 | D        | Acquired 1075 gold pieces
  2536 | D        | Acquired 1254 gold pieces
  2538 | D        | Acquired the +3 hat "Gatidd" {rN+}
  2648 | D        | Noticed a cacodemon
  2649 | D        | Noticed a golden dragon
  2670 | D        | Bought the ring "Orchul" {rElec rPois AC+4 Stlth+} for 798
                  | gold pieces
  2679 | D        | Bought a ring of magical power for 260 gold pieces
  2681 | D        | Bought a +4 ring of protection for 468 gold pieces
  2681 | D        | Bought a +6 ring of intelligence for 468 gold pieces
  2722 | D        | Learned a level 2 spell: Blink
  2733 | D        | Noticed a frost giant
  2733 | D        | Noticed a storm dragon
  2736 | D        | Noticed a deep elf high priest
  2737 | D        | Killed a cacodemon
  2737 | D        | Noticed a bone dragon
  2738 | D        | Reached skill level 1 in Translocations
  2738 | D        | Reached skill level 1 in Alchemy
  2758 | D        | Killed a storm dragon
  2758 | D        | HP: 4/120 [frost giant/bolt of cold (13)]
  2760 | D        | Slain by a bone dragon

Illustrated notes

Levels and vault maps discovered:
D:        the_violet_keep_of_menkaure [sprint2_stairs_cluster_1,
          sprint2_shoproom, sprint2_temple, sprint2_basic_supplies,
          sprint2_obstacle_5, sprint2_obstacle_3, sprint2_obstacle_7,
          sprint2_obstacle_4, sprint2_obstacle_2, sprint2_timed_cluster_1,
          sprint2_smallroom_cluster_1, sprint2_smallroom_final_cluster_1,
          sprint2_transparent_cluster_1, sprint2_second_timed_cluster_1,
          sprint2_sniper_area_1, sprint2_heavy_combat_area_1,
          sprint2_mutation_trap_area_1, sprint2_forest_area_1,
          sprint2_light_combat_area_1, sprint2_behind_water_1,
          sprint2_near_end_vault_1]

Skill      XL: |  1  2  3  4  5  6  7  8  9 10 11 12 |
---------------+-------------------------------------+-----
Stealth        | 3 5 6 8 9 10 11 | 11.1
Spellcasting   | 4 5 7 8 9 10 12 | 12.9
Conjurations   | 4 5 7 8 10 11 13 | 13.7
Fire Magic     | 4 5 6 7 8 9 10 | 10.5
Dodging        | 3 4 5 6 7 8 10 | 10.4
Hexes          | 3 4 5 |  5.0
Invocations    | 3 4 6 7 9 |  9.9
Fighting       | 6 |  6.5
Shields        | 4 8 |  8.9
Summonings     | 4 6 |  6.0
Air Magic      | 3 4 |  4.2
Translocations | 2 |  2.5
Alchemy        | 1 |  1.8

Action                     |  1- 3 |  4- 6 |  7- 9 | 10-12 || total
---------------------------+-------+-------+-------+-------++-------
  Melee: Unarmed           |     3 |       |       |       ||     3
         Tentacles         |     2 |       |       |     4 ||     6
         Constrict         |     2 |       |       |     3 ||     5
         Dagger            |       |       |       |    11 ||    11
   Cast: Foxfire           |    11 |     1 |       |    17 ||    29
         Scorch            |     2 |     4 |     8 |    46 ||    60
         Inner Flame       |       |     4 |     2 |    11 ||    17
         Flame Wave        |       |       |     5 |     5 ||    10
         Summon Blazeheart |       |       |       |    22 ||    22
         Call Canine Famil |       |       |       |     1 ||     1
         Mephitic Cloud    |       |       |       |     5 ||     5
         Starburst         |       |       |       |     4 ||     4
         Irradiate         |       |       |       |     2 ||     2
         Blink             |       |       |       |     1 ||     1
 Invoke: Channel Magic     |       |       |     1 |     3 ||     4
    Use: Potion            |       |     1 |     4 |    11 ||    16
         Scroll            |       |       |     6 |     7 ||    13
   Stab: Sleeping          |       |       |       |     3 ||     3
 Armour: Skin              |     3 |     2 |    39 |    60 ||   104
  Dodge: Dodged            |     2 |     4 |     6 |    37 ||    49
  Block: Buckler           |       |       |       |    23 ||    23
         Reflection        |       |       |       |     2 ||     2

Table legend: (Time is in decaauts)
 A = Elapsed time spent in this place.
 B = Non-inter-level travel time spent in this place.
 C = Inter-level travel time spent in this place.
 D = Time resting spent in this place.
 E = Time spent auto-exploring this place.
 F = Levels seen in this place.
 G = Mean time per level.
                   A        B        C        D        E       F      G
               +--------+--------+--------+--------+--------+-----+--------+
         Total |   2742 |   2738 |      4 |   1482 |      0 |   1 | 2742.0 |
       Dungeon |   2742 |   2738 |      4 |   1482 |      0 |   1 | 2742.0 |
               +--------+--------+--------+--------+--------+-----+--------+

Top non-repeatable levels by time:
       D: 2742 daAuts
